 Dungeon Crawl Stone Soup version bcrawl-1.27.6 (webtiles) character file.

Game seed: 13304692457799856546

152951 Faustar the Conjurer (level 5, -3/28 HPs)
             Began as an Avariel Conjurer on Oct 13, 2020.
             Slain by a sky beast (5 damage)
             ... on level 3 of the Dungeon.
             The game lasted 00:03:18 (2363 turns).

Faustar the Conjurer (Avariel Conjurer)             Turns: 2363, Time: 00:03:18

Health: -3/28      AC:  2    Str:  6    XL:     5   Next: 45%
Magic:  3/14       EV: 12    Int: 22    God:
Gold:   120        SH:  0    Dex: 13    Spells: 11/14 levels left

rFire    . . .     SeeInvis .     - Fists (2.4)
rCold    . . .     Gourm    .   (no shield)
rNeg     . . .     Faith    .   a - +0 robe
rPois    .         Spirit   .   (no helmet)
rElec    .         Reflect  .   (no cloak)
rCorr    .         Harm     .   (no gloves)
MR       .....                  (no boots)
Stlth    ++........             (no amulet)
HPRegen  0.09/turn              (no ring)
MPRegen  0.14/turn              (no ring)

@: no status effects
A: no striking features
a: no special abilities


You were on level 3 of the Dungeon.
You were not hungry.

You visited 1 branch of the dungeon, and saw 3 of its levels.

You collected 120 gold pieces.

Inventory:

Armour
 a - a +0 robe (worn)
Scrolls
 b - a scroll of noise {unknown}
 g - 5 scrolls of identify
 h - 2 scrolls of fear {unknown}
 i - 3 scrolls of remove curse {unknown}
 j - a scroll of magic mapping {unknown}
 m - a scroll of amnesia {unknown}
 n - a scroll of enchant armour {unknown}
 o - a scroll of teleportation {unknown}
 p - 3 scrolls of immolation {unknown}
Potions
 c - a potion of magic
 d - a potion of mutation {unknown}
 f - 2 potions of curing {unknown}
 k - a potion of lignification {unknown}
 l - 5 potions of flight {unknown}
Comestibles
 e - 4 rations {!d}
 q - a chunk of flesh


   Skills:
 - Level 2.1 Dodging
 - Level 2.1 Stealth
 + Level 5.1 Spellcasting
 + Level 7.1 Conjurations


You had 11 spell levels left.
You knew the following spells:

 Your Spells              Type           Power        Failure   Level  Hunger
a - Magic Dart            Conj           ####         1%          1    None
b - Searing Ray           Conj           #####...     1%          2    None

Your spell library contained the following spells:

 Spells                   Type           Power        Failure   Level  Hunger
 Iskenderun's Mystic Bla  Conj           #####...     1%          3    ###....
 Dazzling Orbs            Conj/Hex       ###....      7%          3    ###....
 Corona                   Hex            #......      10%         1    None
 Ensorcelled Hibernation  Hex/Ice        #.....       16%         2    None
 Fulminant Prism          Conj/Hex       ###.......   22%         4    ####...
 Confuse                  Hex            #.......     30%         3    ###....
 Tukima's Dance           Hex            #.......     30%         3    ###....
 Irradiate                Conj/Tmut      ###.......   54%         5    ######.


Dungeon Overview and Level Annotations

Branches:
Dungeon (3/12)

Altars:


Message History

The searing ray hits something. (Press . to maintain the ray.)
A sky beast appears from thin air!
Reactivating autopickup.
The searing ray misses the sky beast.
The sky beast closely misses you.
The searing ray hits the sky beast.
The sky beast is moderately wounded.
The sky beast hits you but does no damage.
The searing ray hits the sky beast!
The sky beast is severely wounded.
The sky beast flickers out of sight!
Deactivating autopickup; reactivate with Ctrl-A.
Something hits you. Something shocks you. Something hits you.
Something shocks you.
The searing ray hits something!
Something hits you. Something shocks you.
* * * LOW HITPOINT WARNING * * *
Something hits you.
* * * LOW HITPOINT WARNING * * *
Something shocks you.
You die...

# #......##.......# #.........
# #......##.......## #.[......#
# #......##........# #........#
# #......##........# #........#
#
#......##........#####........#
#
#......##.....................#
#
####.###...................####
# #.# #..............[....# #
#.###......@.....[......# #
#.....#####{#......######
####### #≈#........
...######### ....# .....#
......# .......# .{......+


There were no monsters in sight!

Vanquished Creatures
  An ogre (D:2)
  2 adders
  3 worms
  2 dart slugs (D:1)
  A leopard gecko (D:1)
  4 bats
  2 giant cockroaches (D:2)
  3 goblins (D:1)
  7 hobgoblins
  7 jackals
  2 quokkas (D:2)
  2 ball pythons
  3 frilled lizards
  3 kobolds (D:2)
  8 rats
50 creatures vanquished.

Notes
Turn   | Place    | Note
-------+----------+-------------------------------------------
     0 | D:1      | Faustar the Avariel Conjurer began the quest for the Orb.
     0 | D:1      | Reached XP level 1. HP: 10/10 MP: 6/6
    69 | D:1      | Reached XP level 2. HP: 15/15 MP: 6/8
   398 | D:1      | Learned a level 2 spell: Searing Ray
   710 | D:1      | Reached skill level 6 in Conjurations
   710 | D:1      | Reached XP level 3. HP: 19/19 MP: 6/10
  1286 | D:2      | Noticed an ogre
  1291 | D:2      | Killed an ogre
  1291 | D:2      | Reached XP level 4. HP: 24/24 MP: 5/12
  1291 | D:2      | Reached XP level 5. HP: 28/28 MP: 5/14
  1363 | D:2      | Reached skill level 7 in Conjurations
  1740 | D:2      | Reached skill level 5 in Spellcasting
  2350 | D:3      | Noticed a sky beast
  2363 | D:3      | Slain by a sky beast

Skill      XL: |  1  2  3  4  5 |
---------------+----------------+-----
Spellcasting   | 3 4 5 |  5.1
Conjurations   | 6 7 |  7.1
Dodging        | |  2.1
Stealth        | |  2.1

Action                   |  1- 3 |  4- 6 || total
-------------------------+-------+-------++-------
Melee: Unarmed           |     8 |       ||     8
 Cast: Magic Dart        |    67 |    21 ||    88
       Searing Ray       |     4 |     4 ||     8
  Eat: Chunk             |     2 |     4 ||     6
Armor: Robe              |     3 |     1 ||     4
Dodge: Dodged            |    11 |     1 ||    12
